[Event "67th Mexican-ch Open 2022"]
[Site "Chihuahua"]
[Date "2022.04.14"]
[Round "2.14"]
[White "Jorajuria Mendoza, Algol"]
[Black "Diaz Rosas, Julio Cesar"]
[Result "0-1"]
[ECO "C83"]
[WhiteElo "2006"]
[BlackElo "2393"]
[Annotator "TA"]
[PlyCount "48"]
[EventDate "2022.04.12"]
[EventType "swiss"]
[EventCountry "MEX"]
[SourceTitle "playchess.com"]
[Source "ChessBase"]
[SourceQuality "1"]
[TimeControl "5400+30"]

1. e4 {[%emt 0:00:02] TFS} e5 2. Nf3 Nc6 3. Bb5 a6 4. Ba4 Nf6 5. O-O Nxe4 6. d4 b5 7. Bb3 d5 8. dxe5 Be6 9. Nbd2 Be7 10. c3 O-O 11. Bc2 f5 12. exf6 Nxf6 13. Qe2 {[%emt 0:07:29] 13.Re1 is a critical line. C83: Open Ruy Lopez: 9 c3 Be7.} Qd7 14. Nd4 Nxd4 15. cxd4 {[%emt 0:00:04] Black is slightly better.} Bd6 16. Nb3 Rae8 {[%emt 0:11:30] [#] ...Bg4 is the strong threat.} 17. Nc5 $146 ({Predecessor:} 17. f3 Qf7 18. Qd3 Qh5 19. h3 g6 20. Bd2 Bf5 21. Qc3 b4 22. Qc6 Re6 23. Bxf5 {½-½ (52) Bergqvist,A-Lundin,E Stockholm 1943 EXT 2020 [TFS]}) 17... Bxh2+ $2 18. Kxh2 $16 Qd6+ 19. Kg1 {[%emt 0:11:56] aiming for Qf3.} Bf5 20. Qd2 Bxc2 21. Qxc2 {[%emt 0:00:07] And now Qd1 would win.} Ng4 {[%emt 0:00:24][%csl Gg4][%cal Rd6h2] [#]} 22. g3 $2 {[%emt 0:03:45][%mdl 8192] [#]} (22. f4 $1 $16 {is necessary to keep the advantage.}) 22... Rxf2 $1 $19 {[%emt 0:01:17][%mdl 64] Decoy} 23. Qxf2 (23. Rxf2 $2 {gets mated.} Qxg3+ 24. Kh1 Re1+) (23. Qd3 Rxf1+ 24. Kxf1 Qf6+ 25. Bf4) 23... Nxf2 24. Kxf2 Qf6+ {[%emt 0:00:34][%mdl 64] Skewer, Double Attack.  Weighted Error Value: White=1.26/Black=0.41} 0-1

[Event "67th Mexican-ch Open 2022"]
[Site "Chihuahua"]
[Date "2022.04.14"]
[Round "2.15"]
[White "Torres Rosas, Luis Carlos"]
[Black "Rosales Campos, Paul"]
[Result "0-1"]
[ECO "C00"]
[WhiteElo "2356"]
[BlackElo "2039"]
[Annotator "TA"]
[PlyCount "62"]
[EventDate "2022.04.12"]
[EventType "swiss"]
[EventCountry "MEX"]
[SourceTitle "playchess.com"]
[Source "ChessBase"]
[SourceQuality "1"]
[TimeControl "5400+30"]

1. e4 c5 2. Nf3 e6 3. Qe2 Nc6 4. g3 Be7 5. Bg2 d5 6. d3 Nf6 7. O-O h6 {[%emt 0:02:00] C00: French: Unusual White 2nd moves.} 8. a3 {[%emt 0:11:30] [#]} b6 $146 ({Predecessor:} 8... a5 9. Re1 a4 10. Nbd2 Qc7 11. e5 Nd7 12. Nf1 b5 13. h4 g5 14. hxg5 hxg5 15. N1h2 {1-0 (48) Bertona,F (2411)-Guerrero Alvarez,R (2207) Alicante 2001}) 9. e5 Nd7 {[%emt 0:01:17] The position is equal.} 10. c4 d4 11. Ne1 Bb7 (11... Ndxe5 $2 12. f4 $18) 12. f4 Qc7 13. Nd2 g5 (13... Rb8 $11) 14. Ne4 $1 $16 O-O-O 15. Nf3 (15. fxg5 $6 Ncxe5 16. Nf3 Nxf3+ 17. Rxf3 Ne5 $11) 15... g4 16. Nfd2 ({White should play} 16. Nh4 $14) 16... h5 $11 17. b4 h4 $1 18. Nb3 hxg3 $1 19. hxg3 Rh7 20. bxc5 (20. Qxg4 cxb4 21. axb4 Bxb4 $14) (20. b5 Ncxe5 21. fxe5 Nxe5 $14) 20... Nxc5 21. Nbxc5 Bxc5 22. Bd2 Ne7 23. Bb4 (23. Qxg4 Nf5 $15) (23. Ng5 $5 Rg7 24. Bb4 $14 (24. Qxg4 Nf5 $11)) 23... Nf5 $1 24. Bxc5 (24. Qxg4 $2 Rg7 25. Qf3 Nxg3 $1 26. Qxg3 Rxg3 27. Nxg3 Rg8 28. Bxb7+ Kxb7 $19) 24... bxc5 25. Rfb1 {[%emt 0:05:50][%cal Oe4d6] Strongly threatening Nd6+!} Bc6 $1 {[%emt 0:00:17] And now ...Ne3 would win.} 26. Qb2 $2 (26. Nxc5 Rdh8 27. Ne4 Rh2 $19) (26. Qxg4 $2 Rg7 27. Qd1 (27. Ng5 $2 Bxg2 28. Rb2 Bc6 $19) 27... Rh8 $19) (26. Nf6 $1 $11 {and White is okay.} Ne3 27. Bxc6 (27. Nxh7 Bxg2 28. Qa2 f5 $11) 27... Qxc6 28. Nxh7) 26... Rdh8 $1 $19 {[%emt 0:01:25][%cal Bd8h8,Bh8h2,Bh2g2,Bg2b2][%mdl 32] ...Ne3 is the strong threat.} 27. Nd6+ $2 {[%emt 0:05:53] [#]} ({But not} 27. Nxc5 $2 Rh1+ $1 28. Kf2 (28. Bxh1 $2 Rxh1+ 29. Kf2 Rh2+ 30. Kg1 Rxb2 $19) 28... Bxg2 29. Rxh1 Bxh1 $19) (27. Re1 {only move.}) 27... Nxd6 $2 {[%emt 0:00:54] The board is on fire.} ({Better is} 27... Kd7 $1 $19 28. Ne4 Rh2 29. Nxc5+ Kc8 30. Qb8+ (30. Na6 $2 Qb6 $19) 30... Qxb8 31. Rxb8+ Kxb8 32. Rb1+ Kc7 33. Na6+ Kd7 34. Nc5+ Ke7 35. Bxc6 Nxg3 36. Rb7+ Kf8) 28. exd6 $11 Rh1+ $1 (28... Qxd6 $2 29. Bxc6 f5 30. Bg2 $18) 29. Kf2 $2 {[%emt 0:00:00][%mdl 8192] [#]} (29. Bxh1 $11 Rxh1+ 30. Kf2 Rh2+ 31. Kf1 Rxb2 32. dxc7) 29... R8h2 $1 {[%emt 0:00:08][%csl Gc6][%cal Rh2g2][%mdl 512] Black is clearly winning.} 30. Rxh1 (30. Qb8+ Qxb8) 30... Rxg2+ 31. Kf1 Rxb2 {[%emt 0:00:05] Weighted Error Value: White=0.71/Black=0.29 (precise)} 0-1

[Event "67th Mexican-ch Open 2022"]
[Site "Chihuahua"]
[Date "2022.04.14"]
[Round "2.15"]
[White "Dominguez Gonzalez, Edgar"]
[Black "Torres Rosas, Luis Carlos"]
[Result "*"]
[WhiteElo "1785"]
[BlackElo "2356"]
[Annotator "TA"]
[PlyCount "24"]
[EventDate "2022.04.12"]
[EventType "swiss"]
[EventCountry "MEX"]
[SourceTitle "playchess.com"]
[Source "ChessBase"]
[SourceQuality "1"]
[TimeControl "5400+30"]

1. e4 c5 2. Nf3 e6 3. Qe2 Nc6 4. g3 Be7 5. Bg2 d5 6. d3 {[%emt 0:00:08] [#] Not much happened in this game. C00: French: Unusual White 2nd moves.} {Predecessor:} h5 $146 7. h3 Nf6 8. O-O b6 9. e5 Nd7 10. c4 dxc4 11. dxc4 Bb7 12. Nc3 a6 {1-0 (25) Deac,B (2679)-Vasquez Schroder,R (2494) Chess.com INT 2022} *

[Event "67th Mexican-ch Open 2022"]
[Site "Chihuahua"]
[Date "2022.04.14"]
[Round "2.16"]
[White "Figueredo Losada, Leonel"]
[Black "Contreras Frias, Gabriel"]
[Result "*"]
[WhiteElo "2342"]
[BlackElo "1771"]
[Annotator "TA"]
[PlyCount "26"]
[EventDate "2022.04.12"]
[EventType "swiss"]
[EventCountry "MEX"]
[SourceTitle "playchess.com"]
[Source "ChessBase"]
[SourceQuality "1"]
[TimeControl "5400+30"]

1. d4 d6 2. Nf3 g6 3. c4 Bg7 4. Nc3 Bg4 {[%emt 0:07:44] [#] An uneventful encounter.} {Predecessor:} 5. h3 $146 Bxf3 6. exf3 {A41: 1 d4 d6: Tartakower System and Modern Defence.} Nd7 7. Be3 e6 8. Be2 Ne7 9. g4 d5 10. f4 c6 11. Qd2 Nb6 12. c5 Nc4 13. Bxc4 dxc4 {1-0 (51) Duda,J (2730)-Nakamura,H (2745) Chess.com INT 2019} *

[Event "67th Mexican-ch Open 2022"]
[Site "Chihuahua"]
[Date "2022.04.14"]
[Round "2.16"]
[White "Montes Orozco, Miguel Angel"]
[Black "Figueredo Losada, Leonel"]
[Result "1/2-1/2"]
[ECO "A42"]
[WhiteElo "1914"]
[BlackElo "2342"]
[Annotator "TA"]
[PlyCount "78"]
[EventDate "2022.04.12"]
[EventType "swiss"]
[EventCountry "MEX"]
[SourceTitle "playchess.com"]
[Source "ChessBase"]
[SourceQuality "1"]
[TimeControl "5400+30"]

1. d4 d6 2. Nf3 g6 3. c4 Bg7 4. Nc3 Bg4 5. e4 Nc6 6. Be3 e5 7. d5 Nd4 $1 8. Bxd4 {[%emt 0:02:20] A42: Modern Defence: Averbakh Variation.} (8. Be2 $11) 8... exd4 $15 9. Nb5 (9. Ne2 $15) 9... Bxf3 $17 10. gxf3 {[%emt 0:08:09] Black is better.} c6 11. Nxd4 Qa5+ (11... Qb6 $6 12. Nb3 $11) 12. Ke2 Qc5 (12... Qb6 $6 13. Nb3 $11) 13. Nb3 Qxc4+ 14. Qd3 {[%emt 0:01:08] [#]} cxd5 $146 ({Predecessor:} 14... Qxd3+) 15. Rc1 Qb4 (15... Qxd3+ $19 16. Kxd3 Bxb2) 16. Qxd5 Ne7 17. Qa5 Nc6 18. Qxb4 Nxb4 19. Rc7 O-O 20. Bh3 Rab8 21. Na5 Be5 22. a3 (22. Rxb7 Rxb7 23. Nxb7 Rb8 $17) (22. Nxb7 Na6 23. Rc6 Rxb7 $17) 22... Na6 23. Rc2 (23. Rxb7 Rxb7 24. Nxb7 Rb8 $19) 23... Nc5 24. b4 Ne6 25. Bxe6 fxe6 26. Rc7 Rf6 27. Nc4 Bf4 {[%emt 0:00:07] [#] White must now prevent ...d5.} 28. Ne3 {[%emt 0:00:03] Inhibits d5.} h5 29. Rhc1 (29. Ng2 $142) 29... Bxh2 $11 {[%emt 0:01:40][%cal Od6d5] Threatens to win with ...d5!} 30. Re7 Rbf8 (30... d5 $5) 31. Rcc7 {[%emt 0:00:07] Rg7+ would kill now.} R8f7 {[%emt 0:00:17] Inhibits Rg7+.} (31... Rxf3 $2 {is a self mate.} 32. Rg7+ Kh8 33. Rh7+ Kg8 34. Rcg7#) 32. Rxb7 Rxf3 $2 {[%emt 0:00:12][%mdl 8192] [#]} (32... Kf8 $11 {and Black stays safe.} 33. Rxf7+ Rxf7 34. Rb8+ Kg7) 33. Rxa7 $4 (33. Nf5 $1 $18 {[%mdl 512] is the narrow road to win. White wants to mate with Re8+.} gxf5 (33... R3xf5 34. exf5) 34. Kxf3 fxe4+ 35. Kxe4 d5+ 36. Ke3 Rxe7 37. Rxe7) 33... Rxf2+ $19 34. Kd3 Rxe7 35. Rxe7 Bg1 (35... Bf4 $142 36. Nc2 h4 37. Re8+ Kf7) 36. e5 ({Not} 36. Rxe6 $2 Kf7 37. Rxd6 Rf3 $19) (36. Nc4 $142) 36... dxe5 $2 ({Black should try} 36... Rf3 $19 37. exd6 Rxe3+ 38. Kc4 Kf8) 37. Rxe6 $11 {[%emt 0:00:10] The position is equal.} Kf7 38. Rxe5 Ra2 39. Nc2 {[%emt 0:01:18] And now Kc3 would win.} h4 {[%emt 0:01:33] White used his chance.  Weighted Error Value: White=0.36/Black=0.49} 1/2-1/2

[Event "67th Mexican-ch Open 2022"]
[Site "Chihuahua"]
[Date "2022.04.14"]
[Round "2.17"]
[White "Garcia Guerrero, Isaac Antonio"]
[Black "Rascon Vega, Alfonso"]
[Result "0-1"]
[ECO "D00"]
[WhiteElo "2338"]
[BlackElo "2107"]
[Annotator "TA"]
[PlyCount "82"]
[EventDate "2022.04.12"]
[EventType "swiss"]
[EventCountry "MEX"]
[SourceTitle "playchess.com"]
[Source "ChessBase"]
[SourceQuality "1"]
[TimeControl "5400+30"]

1. d4 Nf6 2. Bg5 d5 3. e3 c5 4. Bxf6 gxf6 5. c4 cxd4 6. exd4 {[%emt 0:00:17] D00: 1 d4 d5: Unusual lines.} (6. Qxd4 $5 Nc6 7. Qxd5 $15) 6... Nc6 7. Nc3 e5 (7... dxc4 $15 8. Bxc4 Qxd4 9. Qxd4 Nxd4) 8. cxd5 $11 {[%emt 0:10:28] The position is equal.} Nxd4 9. Nge2 {[%emt 0:08:28] [#]} (9. Bd3 $11 {keeps the balance.}) 9... Bc5 $146 {[%emt 0:07:31] &Nero is more active.} (9... Qb6 $1 $17 {Hoping for ...Bf5.} 10. Qd2 (10. Nxd4 exd4 11. Ne4 Qa5+ 12. Ke2 Qb5+ 13. Ke1 Bb4+ 14. Nd2 Bxd2+ 15. Qxd2 Qxd5 $17) 10... Bd7) ({Predecessor:} 9... Qb6 10. Qd2 Bf5 11. Rc1 Bb4 12. a3 Nb3 13. Qd1 Bc5 14. Ng3 Bxf2+ 15. Ke2 Qe3# {0-1 (15) Grieve,H (2351)-Gunina,V (2431) Chess.com INT 2020}) 10. Ng3 f5 11. Bd3 Bd7 (11... h5 $5) 12. Qh5 Qf6 13. O-O O-O-O (13... Rg8 $17) 14. Rac1 {[%emt 0:11:49][%cal Ob2b4] And now b4! would win.} (14. Nce2 $5 Kb8 15. Nxd4 Bxd4 16. Nxf5 $11) 14... Kb8 15. b4 $2 {[%emt 0:15:03] Black converts the advantage convincingly.} ({White has to play} 15. Nce2 $15 Nxe2+ 16. Nxe2) 15... Bb6 ({Stronger than} 15... Bxb4 16. Nce2 $17) 16. Nce2 (16. d6 $142) 16... e4 $19 17. Bc4 Rhg8 18. Kh1 $2 (18. d6) 18... Rg4 19. Nxd4 Bxd4 20. d6 Rh4 21. Qxf7 {[%emt 0:03:54] [#]} Qh6 $1 ({Inferior is} 21... Qxd6 22. Rcd1 $17) 22. Qe7 Rxh2+ 23. Kg1 Bf6 {[%emt 0:00:14] A strong pair of Bishops.} 24. Bb5 Bxe7 25. dxe7 Rg8 {[%emt 0:00:30] ( -> ...Rxg3). Black is clearly winning.} 26. Bxd7 {[%emt 0:00:55][%cal Oc1c8] Threatens to win with Rc8+!} f4 27. Rc8+ Rxc8 28. Bxc8 fxg3 29. Bh3 {[%emt 0:00:18] [#]} gxf2+ $1 30. Rxf2 Qc1+ 31. Kxh2 {[%emt 0:00:43][%mdl 4096] Endgame KQ-KRB} Qc7+ 32. g3 Qxe7 33. b5 (33. Re2 $142) 33... e3 34. Rc2 b6 {[%emt 0:01:47] aiming for ...e2.} 35. Re2 Kc7 36. Bg2 Kd6 {[%emt 0:00:17] White must now prevent ...Qf6.} 37. Bc6 Kc5 38. Kg2 Kd4 39. Bf3 Qb4 40. Bc6 Kd3 41. Bf3 Qxb5 {[%emt 0:16:22] Weighted Error Value: White=0.61/Black=0.27 (precise)} 0-1

[Event "67th Mexican-ch Open 2022"]
[Site "Chihuahua"]
[Date "2022.04.14"]
[Round "2.17"]
[White "Kowalski Davila, Emilio Luis"]
[Black "Garcia Guerrero, Isaac Antonio"]
[Result "*"]
[WhiteElo "1735"]
[BlackElo "2338"]
[Annotator "TA"]
[PlyCount "32"]
[EventDate "2022.04.12"]
[EventType "swiss"]
[EventCountry "MEX"]
[SourceTitle "playchess.com"]
[Source "ChessBase"]
[SourceQuality "1"]
[TimeControl "5400+30"]

1. d4 Nf6 2. Bg5 d5 3. e3 c5 4. Bxf6 gxf6 5. c4 cxd4 6. exd4 {[%emt 0:00:17] B13: Caro-Kann: Exchange Variation and Panov-Botvinnik Attack.} Nc6 7. Nc3 {[%emt 0:03:08] [#] A rather calm draw.} {Predecessor:} dxc4 $146 8. d5 Ne5 9. Bxc4 Nxc4 10. Qa4+ Bd7 11. Qxc4 Rc8 12. Qd3 Rg8 13. g3 b5 14. a3 Qa5 15. Rd1 b4 16. axb4 Qxb4 {1-0 (30) Martirosyan,H (2656)-Svidler,P (2709) Riga 2021} *

[Event "67th Mexican-ch Open 2022"]
[Site "Chihuahua"]
[Date "2022.04.14"]
[Round "2.18"]
[White "Benitez Lozano, Javier"]
[Black "Villanueva De Leon, Vanessa"]
[Result "*"]
[WhiteElo "2309"]
[BlackElo "1729"]
[Annotator "TA"]
[PlyCount "26"]
[EventDate "2022.04.12"]
[EventType "swiss"]
[EventCountry "MEX"]
[SourceTitle "playchess.com"]
[Source "ChessBase"]
[SourceQuality "1"]
[TimeControl "5400+30"]

1. d4 Nf6 2. c4 e6 3. Nc3 Bb4 4. Qc2 b6 5. e4 c5 6. d5 {[%emt 0:00:53] E32: Nimzo-Indian: Classical (4 Qc2): 4...0-0.} Qe7 7. Nge2 {[%emt 0:13:13] [#] An uneventful encounter.} {Predecessor:} exd5 $146 8. exd5 d6 9. Bg5 O-O 10. O-O-O h6 11. Bh4 Nbd7 12. Ng3 Bxc3 13. Nf5 Qe5 {1-0 (84) Bok,B (2624)-Matlakov,M (2674) Chess.com INT 2022} *

[Event "67th Mexican-ch Open 2022"]
[Site "Chihuahua"]
[Date "2022.04.14"]
[Round "2.19"]
[White "Sandoval Mercado, Carlos"]
[Black "Davalos Prieto, Abel Justo"]
[Result "1-0"]
[ECO "E05"]
[WhiteElo "2289"]
[BlackElo "2103"]
[Annotator "TA"]
[PlyCount "111"]
[EventDate "2022.04.12"]
[EventType "swiss"]
[EventCountry "MEX"]
[SourceTitle "playchess.com"]
[Source "ChessBase"]
[SourceQuality "1"]
[TimeControl "5400+30"]

1. d4 d5 2. c4 e6 3. Nf3 Nf6 4. g3 Be7 5. Bg2 O-O 6. O-O dxc4 7. Qc2 a6 8. Qxc4 b5 9. Qc2 Bb7 10. Bd2 Be4 11. Qc1 c6 {[%emt 0:01:07] E05: Open Catalan: 5 Nf3 Be7.} 12. a4 $1 {[%emt 0:00:56][%mdl 4] is recently more successful than 12.Rd1.} Nbd7 13. Nc3 Bg6 {[%emt 0:00:48] The position is equal.} 14. Nh4 Bh5 15. h3 Nd5 16. axb5 axb5 17. Rxa8 Qxa8 18. e4 Nxc3 19. Qxc3 {[%emt 0:02:09][%cal Og3g4] [#]} Nb6 $146 ({Predecessor:} 19... c5 20. dxc5 Nxc5 21. g4 Bg6 22. Nxg6 hxg6 23. Be3 Na4 24. Qb3 Qb8 25. Rd1 Bf6 {0-1 (49) Nguyen,A (2307)-Bente,B (2226) Playchess.com INT 2021}) 20. b3 b4 21. Qd3 Rd8 22. Rc1 h6 23. Qc2 Rc8 {[%emt 0:04:57] [#]} ({Resist} 23... Rxd4 24. Be3 Qd8 25. Bxd4 Qxd4 26. Qxc6 Bxh4 27. gxh4 $16) 24. g4 $1 Bxh4 25. gxh5 Be7 $1 {[%emt 0:00:34] Against Qc5} 26. Be3 Qa5 ({Black should play} 26... c5 $11 27. d5 (27. dxc5 Bxc5 28. e5 Qb8 $11) 27... exd5) 27. Qd1 $14 Qa6 28. Qg4 {[%emt 0:11:58] Bxh6 is the strong threat.} Kh8 29. Kh1 Qb7 (29... Qd3 $142) 30. Rg1 Rg8 31. e5 Qc8 (31... Qd7 $1 $14) 32. Qf3 $16 {[%emt 0:11:17][%csl LRc6,LRf7] &Bianco is more active.} Qe8 (32... f6 $16) 33. Qxc6 $18 Qxc6 34. Bxc6 Rc8 35. Be4 Nd5 36. Rc1 ({Only move:} 36. Bxd5 $18 exd5 37. Ra1) 36... Rxc1+ $14 37. Bxc1 {[%emt 0:00:02][%mdl 4096] Endgame KBB-KBN} Nc3 38. Bc6 Ne2 (38... Bd8 $16 {was worth a try.}) 39. Be3 $18 Bg5 40. Kg2 Nf4+ 41. Kg3 Nxh5+ 42. Kf3 (42. Kg4 $18 Bxe3 43. fxe3) 42... Kg8 $16 43. Ke4 f5+ {[%emt 0:04:05] [#]} (43... Be7 $142) 44. Kd3 $1 {[%emt 0:01:22] aiming for Bxg5.} Nf4+ 45. Kc4 {[%emt 0:00:42][%cal Oh3h4] Black must now prevent h4!} Nxh3 {[%emt 0:00:08] [#]} 46. Bg2 $1 ({Don't do} 46. Kxb4 $6 f4 47. Bd2 Nxf2 $14) 46... f4 $2 {[%emt 0:01:49] Loses the game.} (46... Nf4 $16 47. Bf3 Kf7) 47. Bxh3 $18 fxe3 48. Bxe6+ {[%emt 0:00:26] KB-KB} Kf8 49. fxe3 Bxe3 50. d5 {[%emt 0:00:06][%cal Bd4d5,Bd5d6][%mdl 32] Bf5 would kill now.} Ke7 51. Bf5 {[%emt 0:00:50] White mates.} Bf4 52. d6+ Kd8 53. Kd5 h5 54. e6 Bg5 55. Kc4 Bf6 56. Kxb4 {[%emt 0:00:09] Weighted Error Value: White=0.09 (flawless) /Black=0.32} 1-0

[Event "67th Mexican-ch Open 2022"]
[Site "Chihuahua"]
[Date "2022.04.14"]
[Round "2.19"]
[White "Jimenez Jimenez, Dante Edgar"]
[Black "Sandoval Mercado, Carlos"]
[Result "*"]
[ECO "E05"]
[WhiteElo "1721"]
[BlackElo "2289"]
[Annotator "TA"]
[PlyCount "44"]
[EventDate "2022.04.12"]
[EventType "swiss"]
[EventCountry "MEX"]
[SourceTitle "playchess.com"]
[Source "ChessBase"]
[SourceQuality "1"]
[TimeControl "5400+30"]

1. d4 d5 2. c4 e6 3. Nf3 Nf6 4. g3 Be7 5. Bg2 O-O 6. O-O dxc4 7. Qc2 a6 8. Qxc4 b5 9. Qc2 Bb7 10. Bd2 Be4 11. Qc1 c6 {[%emt 0:01:07] E05: Open Catalan: 5 Nf3 Be7.} 12. a4 {[%emt 0:00:56] is currently scoring better than 12.Rd1.} Nbd7 13. Nc3 Bg6 14. Nh4 Bh5 15. h3 {[%emt 0:00:10] [#] A rather calm draw.  Weighted Error Value: White=0.03 (flawless) /Black=0.02 (flawless)} {Predecessor:} Rc8 $146 16. axb5 cxb5 17. Qd1 b4 18. Na4 Rc4 19. Bc1 Nb6 20. Nxb6 Qxb6 21. g4 Bg6 22. Nxg6 hxg6 {½-½ (56) Esipenko,A (2723)-Oparin,G (2674) Berlin 2022} *

[Event "67th Mexican-ch Open 2022"]
[Site "Chihuahua"]
[Date "2022.04.14"]
[Round "2.20"]
[White "Diaz Villagran, Robert"]
[Black "Baeza, Patricio"]
[Result "*"]
[WhiteElo "2318"]
[BlackElo "1711"]
[Annotator "TA"]
[PlyCount "49"]
[EventDate "2022.04.12"]
[EventType "swiss"]
[EventCountry "MEX"]
[SourceTitle "playchess.com"]
[Source "ChessBase"]
[SourceQuality "1"]
[TimeControl "5400+30"]

1. d4 Nf6 2. Nf3 e6 3. c4 d5 4. Bg5 Be7 5. Nc3 c6 6. e3 Nbd7 7. Rc1 O-O 8. Bd3 {[%emt 0:00:22] [#]} {Predecessor:} dxc4 $146 {D66: Queen's Gambit Declined: Classical: Main Line (7 Rc1 c6 8 Bd3).} 9. Bxc4 b5 10. Bd3 Bb7 11. O-O Rc8 12. a3 a5 13. Qe2 b4 14. axb4 axb4 15. Ne4 Nxe4 16. Bxe7 Qxe7 17. Bxe4 Nf6 18. Nd2 e5 19. Bd3 exd4 20. exd4 Qd6 21. Nb3 Rfe8 22. Qf3 Rcd8 23. Qg3 Bc8 24. Rfd1 Be6 25. Na5 {½-½ (25) Atalik,S (2494)-Zakhartsov,V (2514) Novi Sad 2021} *

[Event "67th Mexican-ch Open 2022"]
[Site "Chihuahua"]
[Date "2022.04.14"]
[Round "2.20"]
[White "Morales Garcia, Sergio Joshafatt"]
[Black "Serrato, Rafael Antonio"]
[Result "1-0"]
[ECO "D53"]
[WhiteElo "2246"]
[BlackElo "1707"]
[Annotator "TA"]
[PlyCount "83"]
[EventDate "2022.04.12"]
[EventType "swiss"]
[EventCountry "MEX"]
[SourceTitle "playchess.com"]
[Source "ChessBase"]
[SourceQuality "1"]
[TimeControl "5400+30"]

1. d4 Nf6 2. Nf3 e6 3. c4 d5 4. Bg5 Be7 5. Nc3 c6 6. e3 Nbd7 7. Rc1 O-O 8. Bd3 b6 9. O-O Bb7 10. Qe2 {[%emt 0:13:05] D53: Queen's Gambit Declined: 4 Bg5 Be7: Early deviations.} dxc4 11. Bxc4 c5 12. Ba6 {[%emt 0:03:58] &Bianco is more active.} (12. dxc5 $14 h6 13. Bxf6 Nxf6 14. Rfd1) 12... Bxa6 $11 13. Qxa6 cxd4 14. Nxd4 Nc5 (14... Qc8 $5 15. Qe2 Qb7 $14) 15. Qe2 {[%emt 0:01:27] [#] Hoping for b4.} Rc8 $146 ({Predecessor:} 15... h6 16. Nc6 Qc7 17. Nxe7+ Qxe7 18. Bh4 Rfd8 19. Rfd1 Rac8 20. Rxd8+ Rxd8 21. Rd1 Rxd1+ 22. Qxd1 Qd7 23. Qxd7 Nfxd7 {½-½ (33) Cabo Alvarez,C-Gonzalez,A Gijon 1999}) 16. b4 Nce4 {[%emt 0:21:55][%mdl 8192] Loses the game.} (16... Ncd7 $16) 17. Nxe4 $18 Nxe4 18. Rxc8 Qxc8 19. Bxe7 Re8 20. Bh4 e5 21. Nb3 g5 22. Bg3 f5 23. Rc1 Qe6 24. f3 Nd6 25. Qd3 f4 26. exf4 gxf4 27. Bf2 Nf7 28. Qc4 Qd6 29. Qc6 Qf8 (29... Qxc6 $142 30. Rxc6 Re7) 30. Nd2 Rd8 31. Qc3 Qd6 32. Ne4 Qe7 33. g3 fxg3 34. hxg3 Qe6 35. Qc4 Qh6 36. Kg2 Qg7 37. a4 h6 38. a5 bxa5 39. bxa5 {[%emt 0:00:09] [#] Strongly threatening Qe6.} Rd7 40. Qe6 {[%emt 0:00:57] White mates.} Rd8 41. Rc7 Rf8 42. Bc5 {[%emt 0:00:37] Weighted Error Value: White=0.12 (very precise) /Black=0.58} 1-0